AoeStats
← kooks

Glade

510826907Analyzed
1v1 RM · 16h ago on Oct 2, 2026· 49m 37s· 2 players
Game mode
Random Map
Map size
Tiny (2 player)
Population
200
Speed
Normal
Resources
Standard
Victory
Conquest
Starting age
Dark Age
Ending age
Imperial Age
RankedLock teamsTeams togetherTeam positionsShared explorationLock speedFull tech treeHidden civsTurbo modeCheats
Victory
Defeat
🇹🇷 Armenians · Türkiye
744
+17
🇵🇱 Franks · Poland
757
-17
kooks
10:04 Feudal Age
14:27 Man-at-Arms
15:11 Long Swordsman
15:54 Scale Mail Armor
16:24 Pikeman
17:57 Forging
21:17 Castle Age
20:01 Arson
23:17 Horse Collar
23:49 Double-Bit Axe
27:55 Loom
28:47 Husbandry
29:15 Bloodlines
30:46 Fletching
30:57 Padded Archer Armor
31:16 Heavy Plow
31:27 Bow Saw
31:25 Gold Mining
32:03 Bodkin Arrow
32:23 Leather Archer Armor
33:50 Masonry
36:38 Imperial Age
34:44 Wheelbarrow
33:55 Town Watch
34:23 Scale Barding Armor
34:41 Ballistics
35:09 Iron Casting
35:44 Chain Barding Armor
35:07 Halberdier
35:48 Squires
35:34 Gambesons
35:09 Two-Handed Swordsman
36:42 Gold Shaft Mining
38:31 Chemistry
38:34 Blast Furnace
38:20 Hoardings
37:14 Cavalier
37:28 Crossbowman
38:55 Conscription
38:18 Elite Skirmisher
40:07 Bracer
39:39 Arbalester
42:01 Ring Archer Armor
42:11 Conscription
44:27 Champion
46:26 Hand Cart
Somsiad
10:58 Feudal Age
14:15 Double-Bit Axe
18:12 Castle Age
19:48 Husbandry
19:08 Light Cavalry
21:50 Scale Barding Armor
28:52 Stone Mining
28:55 Gold Mining
29:22 Bow Saw
29:43 Padded Archer Armor
31:12 Leather Archer Armor
30:47 Fletching
32:26 Bodkin Arrow
35:44 Imperial Age
36:03 Ballistics
35:38 Murder Holes
35:54 Masonry
36:46 Wheelbarrow
35:57 Town Watch
37:09 Forging
37:00 Scale Mail Armor
38:52 Chemistry
37:39 Loom
39:35 Architecture
39:22 Hand Cart
39:07 Town Patrol
38:33 Cavalier
39:36 Chain Barding Armor
39:31 Chain Mail Armor
45:44 Gold Shaft Mining
45:20 Paladin
Connection lost

Rejoining the realm…

Still unreachable

The connection could not be restored.

Session expired

The server has moved on; the page needs a fresh start.